 Dungeon Crawl Stone Soup version 0.25-a0-528-g6b7c99946c (webtiles) character file.

Game seed: 16818921630677590456, levelgen mode: classic

40 EnegeticOcto the Shield-Bearer (level 3, 0/34 HPs)
             Began as a Deep Dwarf Fighter on Feb 19, 2020.
             Slain by an ogre
             ... wielding a +0 giant spiked club
              (20 damage)
             ... on level 4 of the Dungeon.
             The game lasted 00:00:26 (378 turns).

EnegeticOcto the Shield-Bearer (Deep Dwarf Fighter)  Turns: 378, Time: 00:00:26

Health: 0/34       AC:  6    Str: 20    XL:     3   Next: 30%
Magic:  3/3        EV:  4    Int:  8    God:
Gold:   30         SH:  9    Dex: 12    Spells: 2/2 levels left

rFire    . . .     SeeInvis .   a - +1 war axe
rCold    . . .     Gourm    .   c - +0 kite shield
rNeg     . . .     Faith    .   b - +0 scale mail
rPois    .         Spirit   .   (no helmet)
rElec    .         Reflect  .   (no cloak)
rCorr    .         Harm     .   (no gloves)
MR       .....                  (no boots)
Stlth    ..........             (no amulet)
HPRegen  0.00/turn              (no ring)
MPRegen  0.08/turn              (no ring)

@: lethally poisoned (0 -> 0), non-regenerating, constricted
A: damage resistance, heal wounds, sense surroundings 1, no regeneration
a: Heal Wounds


You were on level 4 of the Dungeon.
You were not hungry.

You visited 1 branch of the dungeon, and saw 4 of its levels.

You collected 30 gold pieces.

Inventory:

Hand Weapons
 a - a +1 war axe (weapon)
Armour
 b - a +0 scale mail (worn)
 c - a +0 kite shield (worn)
Potions
 d - a potion of curing {unknown}
 f - a potion of stabbing {unknown}
 k - a potion of might {@q3}
Comestibles
 e - 2 rations
 h - 2 chunks of flesh


   Skills:
 * Level 3.1 Fighting
 * Level 2.9 Axes
 + Level 3.5 Armour
 + Level 1.0 Dodging
 + Level 3.5 Shields


You had 2 spell levels left.
You didn't know any spells.
Your spell library was empty.

Dungeon Overview and Level Annotations

Branches:
Dungeon (4/15)
 Temple: D:4-7

Altars:
The Shining One


Innate Abilities, Weirdness & Mutations

You are resistant to damage.
You can heal yourself by infusing magical energy.
You passively map a small area around you.
You do not regenerate.


Message History

Where to? (Enter - D:3, ? - help)
There is a stone staircase leading down here.
You climb downwards.
An adder comes into view.
Found a scroll labeled POAWUL RULAEPI.
There is a stone staircase leading up here.
You barely miss the adder. You block the adder's attack.
The adder bites you but does no damage.
You closely miss the adder. You block the adder's attack. The adder bites you.
You are poisoned.
The adder poisons you!
You closely miss the adder. The adder bites you. You block the adder's attack.
You hit the adder.
The adder is moderately wounded.
The adder bites you.
You hit the adder but do no damage.
The adder is moderately wounded.
You block the adder's attack. The adder barely misses you.
You barely miss the adder.
The adder is moderately wounded.
The adder bites you. x2
You closely miss the adder.
The adder is moderately wounded.
The adder bites you but does no damage. x2
You closely miss the adder.
The adder is moderately wounded.
You block the adder's attack.
You barely miss the adder.
The adder is moderately wounded.
The adder bites you.
You are more poisoned.
The adder poisons you! The adder bites you.
An adder is nearby!
An adder is nearby!
You miss the adder.
The adder is moderately wounded.
You block the adder's attack. x2
You closely miss the adder.
The adder is moderately wounded.
The adder bites you. x2
You barely miss the adder.
The adder is moderately wounded.
The adder bites you.
You are more poisoned.
The adder poisons you! You block the adder's attack.
You barely miss the adder.
The adder is moderately wounded.
The adder bites you. You block the adder's attack.
You barely miss the adder.
The adder is moderately wounded.
The adder closely misses you. The adder bites you but does no damage.
Some of the chunks of flesh in your inventory have rotted away.
You miss the adder.
The adder is moderately wounded.
The adder closely misses you. You block the adder's attack.
You miss the adder.
The adder is moderately wounded.
The adder barely misses you. The adder bites you but does no damage.
You slash the adder!
You kill the adder!
No target in view!
No target in view!
No target in view!
No target in view!
No target in view!
No target in view!
i - a scroll labeled POAWUL RULAEPI
As you read the scroll labeled POAWUL RULAEPI, it crumbles to dust.
The scroll dissolves into smoke.
It was a scroll of fog.
As you read the scroll labeled YMA TIMEHEGY, it crumbles to dust.
It is a scroll of enchant weapon.
Your +0 war axe glows red for a moment.
You butcher the adder corpse.
h - 3 chunks of flesh (gained 2)
You see here an adder skeleton. x2
Some of the chunks of flesh in your inventory have rotted away.
An ogre comes into view. It is wielding a +0 giant spiked club.
The ogre shouts!
A ball python comes into view.
Found a short sword.
There are monsters nearby!
There are monsters nearby!
There are monsters nearby!
There are monsters nearby!
You fail to use your ability.
The ball python hisses angrily.
You slash the ogre!
The ogre is moderately wounded.
You completely miss the ball python.
The ball python bites you but does no damage.
You block the ball python's attack. You block the ogre's attack.
You completely miss the ogre.
The ogre is moderately wounded.
You hit the ball python. You block the ball python's attack.
The ball python grabs you. The ball python constricts you.
The ball python bites you but does no damage.
The ball python constricts you.
The ogre hits you with a +0 giant spiked club!!
Ouch! That really hurt!
You die...

,, #....#
##....# ,,
.....)# ,
**.....# * ,,
.....# , * *
#....# *
#SO..# *
#@...# , *
####....# .
#.....#.#
....####...§.#
.#
....^...§§§.§#
# *
....####§§§..#
* . #.§§§.# ,
* #§§§§§# , ,
#.§.§.#*


You could see an ogre and a ball python.

Vanquished Creatures
  2 adders
  2 leopard geckos (D:3)
  An orc (D:3)
  A giant cockroach (D:3)
  3 goblins
  3 hobgoblins
  2 kobolds (D:3)
  A quokka (D:3)
  3 bats
18 creatures vanquished.

Notes
Turn   | Place    | Note
-------+----------+-------------------------------------------
     0 | D:1      | EnegeticOcto the Deep Dwarf Fighter began the quest for the
                  | Orb.
     0 | D:1      | Reached XP level 1. HP: 20/20 MP: 1/1
   154 | D:3      | Reached XP level 2. HP: 25/27 MP: 2/2
   178 | D:3      | Found a glowing golden altar of the Shining One.
   328 | D:3      | Reached XP level 3. HP: 28/34 MP: 3/3
   330 | D:3      | Reached skill level 1 in Dodging
   373 | D:4      | Noticed an ogre
   378 | D:4      | Slain by an ogre

Levels and vault maps discovered:
D:1:      ncdulo_halloftheorcs, layout_loops_ring, minmay_hedge_maze,
          serial_bayou_pond_e, minmay_quantized
D:2:      layout_basic, first_ration
D:3:      layout_basic, hangedman_abyss_or_decor_lesser_grid, hex_large,
          nicolae_tso_swordbearing_angel
D:4:      layout_rooms, serial_shops, nicolae_shop_stone

Skill      XL: |  1  2  3 |
---------------+----------+-----
Fighting       | 3 |  3.1
Dodging        | 1 |  1.0
Axes           | |  2.9
Armour         | |  3.5
Shields        | |  3.5

Action                   || total
-------------------------++-------
Melee: War axe           ||    66
  Use: Scroll            ||     2
Armor: Scale mail        ||    31
Dodge: Dodged            ||    17
Block: Kite shield       ||    44

Table legend:
 A = Non-vault XP
 B = Vault XP
 C = Vault XP percentage of total XP
 D = Non-vault monster count
 E = Vault monster count
 F = Vault count percentage of total count
                 A         B        C        D         E       F
            +---------+---------+-------+---------+---------+-------
      Total |      58 |       0 |   0.0 |      18 |       0 |   0.0
            +---------+---------+-------+---------+---------+-------
        D:1 |       7 |       0 |   0.0 |       4 |       0 |   0.0
        D:2 |       2 |       0 |   0.0 |       1 |       0 |   0.0
        D:3 |      36 |       0 |   0.0 |      12 |       0 |   0.0
        D:4 |      13 |       0 |   0.0 |       1 |       0 |   0.0
            +---------+---------+-------+---------+---------+-------
